AoeStats
← Kiritastrich

Migration

509396440Analyzed
1v1 RM · 5d ago on Sep 26, 2026· 22m 0s· 2 players
Game mode
Random Map
Map size
132×132
Population
200
Speed
Normal
Resources
Standard
Victory
Conquest
Starting age
Dark Age
Ending age
Imperial Age
RankedLock teamsTeams togetherTeam positionsShared explorationLock speedFull tech treeHidden civsTurbo modeCheats
Victory
Defeat
🇷🇺 Wu · Russia
1872
+10
🇩🇪 Goths · Germany
1737
-10
Sir Alexander der Kunze
12:04 Feudal Age
12:57 Double-Bit Axe
13:13 Loom
13:55 Fletching
Kiritastrich
5:46 Loom
6:00 Loom
9:45 Feudal Age
11:30 Double-Bit Axe
13:55 Fletching
Connection lost

Rejoining the realm…

Still unreachable

The connection could not be restored.

Session expired

The server has moved on; the page needs a fresh start.